Match 24278969
Unlisted

Match 24278969
End
Construct Infanterie Kompanie
Grenadier Squad
Selects Mechanized Battlegroup
Grenadier Squad
MG 42 Machine Gun Team
Construct Panzergrenadier Kompanie
Panzergrenadier Squad
Medical Station
Selects Raid Package
Selects 8 Rad Armored Car
8 Rad Armored Car
8 Rad Armored Car
Panzergrenadier Squad
8 Rad Armored Car
Construct Panzer Kompanie
Selects UNKNOWN (2160084)
Selects Spotting Scopes
Selects Stoßtruppen Assault Package
Selects Zeroing Artillery Barrage
Zeroing Artillery Barrage
Panther Heavy Tank
Panther Heavy Tank
Panzer IV Medium Tank
Zeroing Artillery Barrage
Panzer IV Medium Tank
Stoßtruppen Squad
Pioneer Squad
Panzer IV Medium Tank
Panzer IV Medium Tank
Zeroing Artillery Barrage
Stoßtruppen Squad
Panzer IV Medium Tank
Pioneer Squad
Panzer IV Medium Tank
Zeroing Artillery Barrage
Stoßtruppen Squad
insane
iceman
UH|ck
Carlos I Emperador de España
MrGittings
Sr. Espejo
0
0

Comments sign in to comment!

No comments posted yet!